 Dungeon Crawl Stone Soup version 0.28-a0-793-g31680bbd8b (webtiles) character file.

Game seed: 61737708390546992

208585 demibob the Peltast (level 18, -1/169 HPs)
             Began as a Ghoul Monk on Nov 3, 2021.
             Was the Champion of Okawaru.
             Slain by a shard shrike simulacrum (11 damage)
             ... on level 3 of the Abyss.
             The game lasted 01:46:15 (42009 turns).

demibob the Peltast (Ghoul Monk)                   Turns: 42009, Time: 01:46:16

Health: -1/169     AC: 24    Str: 19      XL:     18   Next: 79%
Magic:  19/21      EV: 22    Int:  4 (5)  God:    Okawaru [******]
Gold:   1443       SH: 26    Dex: 21      Spells: 17/17 levels left

rFire   + + .      SeeInvis +     - Unarmed
rCold   . . .      Faith    +   M - +0 tower shield
rNeg    + + +      Spirit   .   P - +3 fire dragon scales
rPois   ∞          Reflect  .   j - +2 helmet {SInv}
rElec   .          Harm     .   G - +0 cloak {Stlth+}
rCorr   .          Rampage  .   (no gloves)
Will    +....                   x - +0 pair of boots {Fly}
Stlth   +++.......              A - amulet of faith {!P}
HPRegen 0.00/turn               E - +4 ring of evasion
MPRegen 0.17/turn               D - +6 ring of dexterity

@: about to teleport, heroic, flying, inhibited regen
A: claws 1, cold resistance 1, negative energy resistance 3, inhibited
regeneration, torment resistance 2
}: 1/15 runes: gossamer
a: Renounce Religion, Heroism, Finesse, Duel


You were on level 3 of the Abyss.
You worshipped Okawaru.
Okawaru was exalted by your worship.
You visited 6 branches of the dungeon, and saw 30 of its levels.
You visited the Abyss 1 time.
You also visited: Bailey and Ice Cave.

You collected 4440 gold pieces.
You spent 2997 gold pieces at shops.


Innate Abilities, Weirdness & Mutations

You thrive by killing the living.
You are immune to poison.
You have sharp fingernails.
Your flesh is cold resistant. (rC+)
You are immune to negative energy. (rN+++)
You do not regenerate when monsters are visible.
You are immune to unholy pain and torment.


   Skills:
 + Level 17.1(22.1) Fighting
 + Level 11.9(16.9) Armour
 - Level 7.2(12.2) Dodging
 - Level 2.1(7.1) Stealth
 - Level 20.0(25.0) Shields
 - Level 19.1(24.1) Unarmed Combat
 - Level 6.2 Invocations
 - Level 5.6 Evocations


You had 17 spell levels left.
You didn't know any spells.
Your spell library contained the following spells:

 Spells                   Type           Power      Damage    Failure   Level
 Foxfire                  Conj/Fire      0%         2x1d4     80%         1
 Sandblast                Erth           0%         2d4       80%         1
 Shock                    Conj/Air       0%         1d3       80%         1
 Sting                    Tmut/Pois      0%         1d3       80%         1
 Blink                    Tloc           0%         N/A       91%         2
 Ensorcelled Hibernation  Hex/Ice        0%         N/A       91%         2
 Passwall                 Tmut/Erth      0%         N/A       91%         2
 Conjure Flame            Conj/Fire      0%         6-21      99%         3
 Dazzling Flash           Conj/Hex       0%         N/A       99%         3
 Inner Flame              Hex/Fire       0%         N/A       99%         3
 Lesser Beckoning         Tloc           0%         N/A       99%         3
 Stone Arrow              Conj/Erth      0%         3d7       99%         3
 Swiftness                Air            0%         N/A       99%         3
 Airstrike                Air            0%         N/A       100%        4
 Flame Wave               Conj/Fire      0%         3d3       100%        4
 Iskenderun's Mystic Bla  Conj/Tloc      0%         2d3       100%        4
 Manifold Assault         Tloc           0%         N/A       100%        5
 Starburst                Conj/Fire      0%         6d3       100%        6
 Orb of Destruction       Conj           0%         N/A       100%        7
 Summon Guardian Golem    Hex/Summ       Unusable   N/A       N/A         3
 Tukima's Dance           Hex            Unusable   N/A       N/A         3
 Spellforged Servitor     Conj/Summ      Unusable   N/A       N/A         7

Inventory:

Missiles
 i - 6 silver javelins
 o - 9 atropa-tipped darts
 s - 5 throwing nets {=f}
 t - 19 poisoned darts (quivered)
 O - 7 curare-tipped darts {=f}
Armour
 j - a +2 helmet of see invisible (worn)
 u - a scarf of harm
 x - a +0 pair of boots of flying (worn)
 G - a +0 cloak of stealth (worn)
 M - a +0 tower shield (worn)
 P - +3 fire dragon scales (worn)
Jewellery
 A - an amulet of faith (around neck) {!P}
 C - a ring of ice
 D - a +6 ring of dexterity (right claw)
 E - a +4 ring of evasion (left claw)
 F - a ring of protection from fire
 R - a ring of resist corrosion
 Z - a ring of wizardry
Wands
 k - a wand of paralysis (1)
 l - a wand of digging (2)
 v - a wand of acid (19)
 w - a wand of iceblast (30)
 y - a wand of flame (37)
 B - a wand of polymorph (11)
Scrolls
 e - a scroll of fear
 g - a scroll of magic mapping
 h - 6 scrolls of teleportation {@r2}
 r - 4 scrolls of fog
 z - 14 scrolls of identify {@r1}
 J - a scroll of torment
Potions
 a - 5 potions of brilliance
 b - 4 potions of curing {@q1}
 d - 5 potions of flight
 p - 4 potions of cancellation
 H - a potion of magic
 I - 2 potions of ambrosia
Miscellaneous
 c - a condenser vane (inert)
 N - a lightning rod (4/4)

Dungeon Overview and Level Annotations

Branches:
Dungeon (15/15)            Temple (1/1) D:5            Lair (6/6) D:9
  Swamp (0/4) Lair:3       Spider (4/4) Lair:4        Slime (0/5) Lair:5
    Orc (2/2) D:12            Elf (0/3) Orc:2        Vaults (2/5) D:14
  Crypt (0/3) Vaults:2     Depths (0/4) D:15         Bailey (visited)
  IceCv (visited)

Altars:
Ashenzari
Cheibriados
Dithmenos
Elyvilon
Fedhas
Gozag
Hepliaklqana
Kikubaaqudgha
Makhleb
Nemelex Xobeh
Okawaru
Qazlal
Ru
Sif Muna
Trog
Uskayaw
Vehumet
Wu Jian
Xom
Yredelemnul
Zin
The Shining One
Beogh

Shops:
D:4 **   D:8 [   D:12 [   D:13 !   Orc:1 *   Orc:2 (:*[

Portals:
Hell: Lair:6

Annotations:
D:3 4 transporters, AttackTheMoon's ghost, amateur DrTm
D:12 2 transporters, jasper's ghost, journeyman DsCA

. ▒..▓▓#
..v...#.
.v▒░..##▒
..▓..▓.░#
#.▓....▓ ♣.♣.Z♣♣
♣.✱.♣@♣ ♣
♣♣...♣.♣ .♣
♣.X≈.♣♣.
♣.♣♣♣♣♣X...≈♣#.
♣▒. ♣♣X.≈≈..♣♣
.▒
♣.♣≈≈≈≈.XX....♣
.
♣.♣≈...X.▒.....
▒▒ ♣.
....#.......≈♣
♣≈≈≈..........▒.
♣


You could see a shard shrike simulacrum.


Message History

* * * LOW HITPOINT WARNING * * *
You feel much better. The shard shrike simulacrum misses you.
You block the shard shrike simulacrum's attack.
The shard shrike simulacrum claws you.
* * * LOW HITPOINT WARNING * * *
The shard shrike simulacrum freezes you!!
* * * LOW HITPOINT WARNING * * *
You block the shard shrike simulacrum's attack.
You block the shard shrike simulacrum's attack.
The shard shrike simulacrum closely misses you.
You block the shard shrike simulacrum's attack.
A chorus of shrieks assaults your mind.
* * * LOW HITPOINT WARNING * * *
The wretched star pulses with an eldritch light!
You block the shard shrike simulacrum's attack.
Use which ability? (? or * to list)
You gain the combat prowess of a mighty hero.
The shard shrike simulacrum completely misses you.
A starcursed mass splits.
The shard shrike simulacrum completely misses you.
A spatial vortex comes into view.
You block the shard shrike simulacrum's attack. x2
A chorus of shrieks assaults your mind.
* * * LOW HITPOINT WARNING * * *
A starcursed mass splits.
You block the shard shrike simulacrum's attack.
The shard shrike simulacrum completely misses you.
You block the shard shrike simulacrum's attack.
The shard shrike simulacrum claws you!
You die...

Skill      XL: |  1  2  3  4  5  6  7  8  9 10 11 12 13 14 15 16 17 18 |
---------------+-------------------------------------------------------+-----
Unarmed Combat | 4 5 6 7 8 10 12 14 15 16 18 19 | 19.1
Shields        | 1 2 3 4 8 12 13 15 17 18 20 | 20.0
Dodging        | 4 7 |  7.2
Armour         | 1 5 7 9 11 | 11.9
Invocations    | 5 6 |  6.2
Fighting       | 5 6 10 14 16 17 | 17.1
Evocations     | 5 |  5.6
Stealth        | |  2.1

Action                   |  1- 3 |  4- 6 |  7- 9 | 10-12 | 13-15 | 16-18 || total
-------------------------+-------+-------+-------+-------+-------+-------++-------
Melee: Unarmed           |   109 |   158 |   289 |   541 |  1467 |  1850 ||  4414
Throw: Dart              |       |       |     2 |    30 |       |   238 ||   270
       Javelin           |       |       |       |    16 |     5 |     1 ||    22
Invok: Heroism           |       |       |       |    13 |    25 |    25 ||    63
       Finesse           |       |       |       |       |     1 |     3 ||     4
Evoke: Wand              |       |       |       |     5 |    18 |    12 ||    35
       Lightning rod     |       |       |       |       |       |     4 ||     4
       Condenser vane    |       |       |       |       |       |     2 ||     2
  Use: Scroll            |     6 |     4 |     6 |    12 |    11 |    16 ||    55
       Potion            |       |       |     2 |    10 |     4 |    11 ||    27
 Stab: Sleeping          |     5 |     3 |     5 |     1 |     5 |     3 ||    22
       Invisible         |       |       |       |     3 |     7 |       ||    10
       Paralysed         |       |       |       |       |     8 |     8 ||    16
       Distracted        |       |       |       |       |       |     2 ||     2
       Confused          |       |       |       |       |       |     1 ||     1
Armor: Robe              |    20 |    29 |    38 |    13 |       |       ||   100
       Leather armour    |       |       |       |    68 |       |       ||    68
       Acid dragon scale |       |       |       |       |    94 |       ||    94
       Ice dragon scales |       |       |       |       |   144 |   414 ||   558
       Fire dragon scale |       |       |       |       |       |    52 ||    52
Dodge: Dodged            |    61 |    62 |   190 |   302 |   572 |   801 ||  1988
Block: Buckler           |       |    13 |    61 |    71 |       |       ||   145
       Kite shield       |       |       |       |   103 |   832 |   832 ||  1767
       Tower shield      |       |       |       |       |       |   818 ||   818

Levels and vault maps discovered:
D:1:      dpeg_arrival_morbid_curiosity, layout_basic,
          chequers_serial_rivers_micro_c
D:2:      layout_basic, basic_ecumenical_altar, minmay_pentomino_pile
D:3:      gammafunk_wand_slinger, layout_basic, gammafunk_ghost_stat_death,
          minmay_misc_feat_cross, chequers_serial_rivers_marsh,
          kennysheep_generic_room_9
D:4:      layout_loops_cross, lemuel_crystal_altar, lemuel_doored_altar,
          nicolae_specific_store
D:5:      layout_basic, minmay_temple_entry_junction_2
D:6:      layout_cave_pools, mainiacjoe_overflow_tiny_flanked,
          nicolae_wu_jian_wuxing_cycle
D:7:      layout_basic, minivault_1, chequers_avenue, hangedman_glass_teeth
D:8:      layout_cave_pools, serial_rivers, chequers_serial_rivers_micro_e,
          chequers_serial_rivers_small_3, chequers_serial_rivers_micro_a,
          chequers_serial_rivers_large_a, serial_shops, shop,
          minmay_pinched_square
D:9:      layout_loops_ring, david_lair_generic, minmay_increasing_density,
          uniq_erica
D:10:     layout_loops_ring, chequers_temple_overflow_statue_of_worship,
          serial_rivers, chequers_serial_rivers_marsh,
          chequers_serial_rivers_micro_b, chequers_serial_rivers_small_3,
          chequers_serial_rivers_large_b, chequers_serial_rivers_small_b,
          chequers_serial_rivers_room_a
D:11:     layout_loops_corners, uniq_nergalle
D:12:     layout_irregular_city, orc_david_3, gammafunk_ghost_arena
D:13:     layout_long_grid, serial_shops, shop, hangedman_feature_mirror
D:14:     layout_loops_ring, erik_vaults_2, enter_bailey_3, zin_angel,
          uniq_nessos
D:15:     grunt_enter_depths_magical_seal, layout_layer_cave,
          nrook_pool_corridor, beargit_elvish_explorers
Temple:   zaba_magenta_temple
Lair:1:   layout_chaotic_city, lemuel_fruit_tree, infiniplex_staircase_pool_2,
          serial_bayou_shore_a
Lair:2:   statuecave_lemuel, layout_cave_shapes, chequers_serial_rivers_marsh
Lair:3:   layout_small_grid, minmay_swamp_entry_worms,
          portal_ice_cave_entry_ice_simulacra
Lair:4:   layout_cave_pods, spider_nest_entry_funnel_web, basic_altar
Lair:5:   layout_concentric_octagons, nicolae_slime_entry_slimehenge
Lair:6:   evil_forest, layout_small_grid, enter_volcano_1
Spider:1: nicolae_spider_hilbert_zone_4 [nicolae_spider_hilbert_4_sides_2_open,
          nicolae_spider_hilbert_4_sides_1_open,
          nicolae_spider_hilbert_4_sides_1_open,
          nicolae_spider_hilbert_4_sides_1_open,
          nicolae_spider_hilbert_4_sides_1_open,
          nicolae_spider_hilbert_2_sides_1_open,
          nicolae_spider_hilbert_2_sides_1_open,
          nicolae_spider_hilbert_2_sides_1_open,
          nicolae_spider_hilbert_2_sides_1_open,
          nicolae_spider_hilbert_6_sides_1_open,
          nicolae_spider_hilbert_6_sides_1_open,
          nicolae_spider_hilbert_3_sides_1_open,
          nicolae_spider_hilbert_3_sides_1_open]
Spider:2: layout_spider_delve
Spider:3: layout_spider_delve, uniq_mlioglotl
Spider:4: spider_rune_water, uniq_nikola, uniq_arachne
Orc:1:    layout_diamond_mine, serial_shops, shop, uniq_harold, uniq_sonja,
          uniq_erolcha
Orc:2:    grunt_orc_gardens, layout_caves, grunt_orc_garden, grunt_orc_garden,
          grunt_orc_garden, grunt_orc_garden, basic_altar, led_sif_book
Vaults:1: nicolae_vaults_little_squares_4, hangedman_vaults_capsules,
          vaults_mumra_lcd, nicolae_vaults_three_branches,
          hangedman_vaults_trim, vaults_room_hallway,
          nicolae_vaults_bisected_exclaves, vaults_dpeg_hooks,
          layout_vaults_omnigrid
Vaults:2: grunt_vaults_focal, v_misc_13, nicolae_vaults_little_ls,
          nicolae_vaults_sealed_display, v_rooms_5, grunt_vaults_trifunnel,
          minmay_crypt_entry_simple_box, hangedman_vaults_maws, v_alt_pattern_5,
          layout_vaults_big_cross
Abyss:3:  base: Swamp:2, due_evilmike_abyss_rune_seething_liches

Notes
Turn   | Place    | Note
-------+----------+-------------------------------------------
     0 | D:1      | demibob the Ghoul Monk began the quest for the Orb.
     0 | D:1      | Reached XP level 1. HP: 19/19 MP: 0/0
   377 | D:1      | Reached XP level 2. HP: 19/26 MP: 1/1
   519 | D:1      | Reached skill level 4 in Unarmed Combat
   874 | D:1      | Identified a potion of resistance
   977 | D:1      | Reached XP level 3. HP: 30/31 MP: 2/2
  1345 | D:2      | Reached skill level 5 in Unarmed Combat
  1548 | D:2      | Reached XP level 4. HP: 37/38 MP: 3/3
  1615 | D:2      | You fall into a shaft and drop 1 floor!
  1838 | D:3      | Found a transporter.
  1841 | D:3      | Noticed AttackTheMoon's ghost (amateur DrTm)
  1856 | D:3      | Found a transporter.
  1908 | D:3      | Found a transporter.
  1950 | D:3      | Found a transporter.
  2070 | D:2      | Found a faded altar of an unknown god.
  2489 | D:3      | Noticed an ogre
  2498 | D:3      | Killed an ogre
  2499 | D:3      | Reached skill level 1 in Shields
  2499 | D:3      | Reached skill level 6 in Unarmed Combat
  2499 | D:3      | Reached XP level 5. HP: 45/45 MP: 4/4
  2737 | D:4      | Found a broken altar of Ashenzari.
  2838 | D:4      | Reached skill level 2 in Shields
  2952 | D:4      | Reached XP level 6. HP: 45/51 MP: 5/5
  2988 | D:4      | Found a bloodstained altar of Trog.
  3391 | D:4      | Found Xothryd's Specific Store.
  3395 | D:4      | Found Nuettih's General Store.
  3469 | D:4      | Noticed a black bear
  3499 | D:5      | Entered Level 5 of the Dungeon
  3510 | D:5      | Reached skill level 3 in Shields
  3510 | D:5      | Reached skill level 7 in Unarmed Combat
  3510 | D:5      | Reached XP level 7. HP: 24/57 MP: 6/6
  4003 | D:5      | Found a staircase to the Ecumenical Temple.
  4015 | D:5      | Reached skill level 4 in Shields
  4028 | D:5      | Reached skill level 8 in Unarmed Combat
  4061 | Temple   | Entered the Ecumenical Temple
  4273 | D:5      | Reached XP level 8. HP: 61/63 MP: 7/7
  4294 | D:5      | Reached skill level 9 in Unarmed Combat
  4874 | D:6      | Found an ornate altar of the Wu Jian Council.
  4893 | D:6      | Found an ancient bone altar of Kikubaaqudgha.
  4960 | D:6      | Identified the +3 ice dragon scales of the End {rF- rC++
                  | Int+3 Dex+5}
  5115 | D:7      | Reached skill level 10 in Unarmed Combat
  5128 | D:7      | Reached skill level 3 in Dodging
  5368 | D:7      | Reached skill level 4 in Dodging
  5423 | D:7      | Reached XP level 9. HP: 70/70 MP: 8/8
  5860 | D:7      | Reached skill level 11 in Unarmed Combat
  6234 | D:7      | Reached skill level 5 in Dodging
  6685 | D:8      | Reached skill level 6 in Dodging
  6697 | D:8      | Reached skill level 12 in Unarmed Combat
  6903 | D:8      | Found Sacvad's Antique Armour Shop.
  6905 | D:8      | Noticed an efreet
  6918 | D:8      | Noticed a cyclops
  6929 | D:8      | Killed an efreet
  6930 | D:8      | Reached skill level 7 in Dodging
  6930 | D:8      | Reached XP level 10. HP: 44/77 MP: 9/9
  7237 | D:8      | Bought a pair of shimmering gloves for 313 gold pieces
  7237 | D:8      | Identified the +0 pair of gloves "Zaclep" {+Blink Dex+7}
                  | (You bought it in a shop on level 8 of the Dungeon)
  7436 | D:8      | Noticed a manticore
  7449 | D:7      | Reached skill level 1 in Armour
  7713 | D:2      | Prayed at the altar of an unknown god.
  7713 | D:2      | Became a worshipper of Warmaster Okawaru
  7713 | D:2      | Reached * piety under Okawaru
  7713 | D:2      | Reached ** piety under Okawaru
  8001 | D:9      | Reached skill level 1 in Invocations
  8001 | D:9      | Reached *** piety under Okawaru
  8081 | D:9      | Reached skill level 13 in Unarmed Combat
  8091 | D:9      | Reached skill level 2 in Invocations
  8125 | D:9      | Reached skill level 3 in Invocations
  8157 | D:9      | Noticed Erica
  8187 | D:9      | Reached **** piety under Okawaru
  8188 | D:9      | Reached skill level 4 in Invocations
  8203 | D:9      | Killed Erica
  8204 | D:9      | Reached skill level 5 in Invocations
  8334 | D:9      | Received a gift from Okawaru
  8335 | D:9      | Reached skill level 14 in Unarmed Combat
  8335 | D:9      | Reached XP level 11. HP: 46/82 MP: 11/14
  8343 | D:9      | Reached skill level 6 in Invocations
  8577 | D:9      | Found a staircase to the Lair.
  8631 | D:9      | Reached skill level 2 in Armour
  9142 | D:10     | Entered Level 10 of the Dungeon
  9157 | Lair:1   | Entered Level 1 of the Lair of Beasts
  9437 | D:10     | Reached skill level 3 in Armour
  9467 | D:10     | Identified the +3 leather armour "Zysu" {+Inv rN++ Dex+2
                  | Stlth-}
  9724 | D:10     | Reached ***** piety under Okawaru
  9895 | D:10     | Found a shimmering blue altar of Sif Muna.
  9895 | D:10     | Found a stormy altar of Qazlal.
  9895 | D:10     | Found a burning altar of Makhleb.
  9895 | D:10     | Found a radiant altar of Vehumet.
  9943 | D:10     | Noticed a two-headed ogre
  9954 | D:10     | Killed a two-headed ogre
  9955 | D:10     | Reached skill level 4 in Armour
 10709 | D:11     | Reached skill level 15 in Unarmed Combat
 10790 | D:11     | Noticed a boulder beetle
 10845 | D:11     | Killed a boulder beetle
 10846 | D:11     | Reached skill level 5 in Armour
 11009 | D:11     | Reached skill level 4 in Fighting
 11524 | D:11     | Noticed a boulder beetle
 11524 | D:11     | Noticed a tengu warrior
 11534 | D:11     | Killed a boulder beetle
 11534 | D:11     | Identified the +1 pearl dragon scales of the Untouchables
                  | {Rampage *Slow rN+ Str+5} (Okawaru gifted it to you on
                  | level 11 of the Dungeon)
 11534 | D:11     | Received a gift from Okawaru
 11535 | D:11     | Reached skill level 5 in Fighting
 11550 | D:11     | Killed a tengu warrior
 11551 | D:11     | Reached XP level 12. HP: 52/94 MP: 15/15
 11739 | D:11     | Noticed Nergalle
 11754 | D:11     | Killed Nergalle
 11763 | D:11     | Reached skill level 5 in Shields
 12299 | Lair:1   | Reached skill level 1 in Evocations
 12322 | Lair:1   | Reached skill level 2 in Evocations
 12335 | Lair:1   | Reached skill level 6 in Shields
 12353 | Lair:1   | Noticed a four-headed hydra
 12373 | Lair:1   | Killed a four-headed hydra
 12374 | Lair:1   | Reached skill level 3 in Evocations
 13161 | Lair:2   | Reached skill level 4 in Evocations
 13236 | Lair:2   | Reached skill level 7 in Shields
 13688 | Lair:2   | Identified the +11 longbow of Intimidation {speed, rPois
                  | SInv} (Okawaru gifted it to you on level 2 of the Lair of
                  | Beasts)
 13688 | Lair:2   | Received a gift from Okawaru
 13689 | Lair:2   | Reached skill level 5 in Evocations
 13840 | Lair:2   | Noticed a four-headed hydra
 13848 | Lair:2   | Killed a four-headed hydra
 13849 | Lair:2   | Reached skill level 8 in Shields
 14085 | Lair:2   | Reached XP level 13. HP: 101/101 MP: 13/16
 14370 | Lair:3   | Found a frozen archway.
 14398 | Lair:3   | Reached skill level 9 in Shields
 14411 | IceCv    | Entered an ice cave
 15531 | IceCv    | Noticed a reaper
 15539 | IceCv    | Reached skill level 10 in Shields
 15549 | IceCv    | Killed a reaper
 15740 | IceCv    | Received a gift from Okawaru
 16592 | Lair:3   | Reached skill level 11 in Shields
 16676 | Lair:3   | Found a staircase to the Swamp.
 17644 | Lair:4   | Found a sacrificial altar of Ru.
 17990 | Lair:4   | Reached skill level 16 in Unarmed Combat
 18021 | Lair:4   | Received a gift from Okawaru
 18406 | Lair:4   | Found a hole to the Spider Nest.
 18788 | Lair:5   | Reached skill level 12 in Shields
 18968 | Lair:5   | Reached ****** piety under Okawaru
 18969 | Lair:5   | Reached XP level 14. HP: 74/107 MP: 15/17
 19201 | Lair:5   | Reached skill level 17 in Unarmed Combat
 19244 | Lair:5   | Found a staircase to the Slime Pits.
 19714 | Lair:6   | Entered Level 6 of the Lair of Beasts
 19722 | Lair:6   | Found a dark tunnel.
 19786 | Lair:6   | Received a gift from Okawaru
 20104 | Lair:6   | Reached skill level 13 in Shields
 20580 | Lair:6   | Found a burning altar of Makhleb.
 21297 | Lair:6   | Received a gift from Okawaru
 21315 | Lair:6   | Reached skill level 18 in Unarmed Combat
 21321 | Lair:6   | Identified the +0 ring mail of the Stone Wall {Dex+7}
 21834 | Lair:6   | Found a gateway to Hell.
 22661 | D:12     | Found Wosaroa's Armour Emporium.
 22663 | D:12     | Found a staircase to the Orcish Mines.
 22761 | D:12     | Found a transporter.
 22764 | D:12     | Noticed jasper's ghost (journeyman DsCA)
 23061 | D:12     | Reached skill level 6 in Fighting
 23081 | D:12     | Found a transporter.
 23397 | D:13     | Reached XP level 15. HP: 115/115 MP: 18/18
 23443 | D:13     | Received a gift from Okawaru
 23603 | D:13     | Found a shadowy altar of Dithmenos.
 23745 | D:13     | Found Cighock's Distillery.
 23752 | D:13     | Bought a potion of invisibility for 144 gold pieces
 23822 | D:13     | Reached skill level 14 in Shields
 23960 | D:13     | Found a burning altar of Makhleb.
 24120 | D:14     | Noticed Nessos
 24128 | D:14     | Killed Nessos
 24146 | D:14     | Reached skill level 6 in Armour
 24158 | D:14     | Found a flagged portal.
 24163 | Bailey   | Entered a bailey
 24585 | Bailey   | Reached skill level 7 in Fighting
 24608 | Bailey   | Acquired 884 gold pieces
 25055 | D:14     | Identified the +8 short sword of Effyuc {vamp, *Rage rElec
                  | Str+2 Stlth+}
 25139 | D:14     | Noticed an angel
 25617 | D:14     | Found a gate to the Vaults.
 25635 | D:14     | Identified the +1 scale mail of Foolhardiness {*Slow
                  | Will+++ MP+9 SInv} (Okawaru gifted it to you on level 14 of
                  | the Dungeon)
 25635 | D:14     | Received a gift from Okawaru
 25636 | D:14     | Reached skill level 8 in Fighting
 25880 | D:15     | Entered Level 15 of the Dungeon
 26007 | D:15     | Reached skill level 9 in Fighting
 26224 | D:15     | Reached skill level 7 in Armour
 26717 | D:15     | Found a staircase to the Depths.
 27216 | D:15     | Reached skill level 15 in Shields
 27236 | D:15     | Reached skill level 19 in Unarmed Combat
 27807 | D:15     | Received a gift from Okawaru
 27808 | D:15     | Reached skill level 10 in Fighting
 28230 | Spider:1 | Entered Level 1 of the Spider Nest
 28257 | Spider:1 | Reached XP level 16. HP: 134/134 MP: 17/19
 28488 | Spider:1 | Reached skill level 11 in Fighting
 28617 | Spider:1 | Reached skill level 8 in Armour
 29521 | Spider:1 | Reached skill level 12 in Fighting
 29523 | Spider:1 | Identified the +0 robe of Nozxoaqiga {rC++ rCorr MP-9
                  | Dex+2} (Okawaru gifted it to you on level 1 of the Spider
                  | Nest)
 29523 | Spider:1 | Received a gift from Okawaru
 30050 | Spider:2 | Reached skill level 16 in Shields
 30692 | Spider:2 | Reached skill level 9 in Armour
 31154 | Spider:2 | Reached skill level 13 in Fighting
 32322 | Spider:3 | Received a gift from Okawaru
 32338 | Spider:3 | Reached skill level 14 in Fighting
 32385 | Spider:3 | Noticed Mlioglotl
 32394 | Spider:3 | Killed Mlioglotl
 32395 | Spider:3 | Reached skill level 17 in Shields
 32419 | Spider:3 | Reached XP level 17. HP: 154/154 MP: 15/20
 33002 | Spider:4 | Entered Level 4 of the Spider Nest
 33117 | Spider:4 | Reached skill level 10 in Armour
 33118 | Spider:4 | Noticed Nikola
 33119 | Spider:4 | >>ugh
 33128 | Spider:4 | Killed Nikola
 33452 | Spider:4 | Noticed Arachne
 33469 | Spider:4 | Killed Arachne
 33474 | Spider:4 | Reached skill level 15 in Fighting
 33723 | Spider:4 | Received a gift from Okawaru
 34008 | Spider:4 | Identified a +1 crystal plate armour (Okawaru gifted it to
                  | you on level 4 of the Spider Nest)
 34008 | Spider:4 | Received a gift from Okawaru
 34836 | Spider:4 | Reached skill level 16 in Fighting
 35438 | Spider:4 | Got a gossamer rune of Zot
 35831 | Vaults:1 | Entered Level 1 of the Vaults
 35871 | Vaults:1 | Reached skill level 11 in Armour
 36182 | Vaults:1 | Reached skill level 18 in Shields
 37095 | Vaults:1 | Noticed a lich
 37114 | Vaults:1 | Killed a lich
 37203 | Vaults:1 | Identified the +2 shortbow "Hajuonan" {flame, Will+}
                  | (Okawaru gifted it to you on level 1 of the Vaults)
 37203 | Vaults:1 | Received a gift from Okawaru
 37367 | Vaults:1 | Reached XP level 18. HP: 138/167 MP: 21/21
 37448 | Vaults:1 | Reached skill level 19 in Shields
 38351 | Vaults:1 | Received a gift from Okawaru
 38510 | Vaults:1 | Upgraded the game from 0.28-a0-779-g3d1f99b579 to
                  | 0.28-a0-793-g31680bbd8b
 38703 | Orc:1    | Entered Level 1 of the Orcish Mines
 39182 | Orc:1    | Noticed Sonja
 39189 | Orc:1    | Killed Sonja
 39284 | Orc:1    | Noticed Erolcha
 39299 | Orc:1    | Killed Erolcha
 39385 | Orc:2    | Entered Level 2 of the Orcish Mines
 39385 | Orc:2    | Found a staircase to the Elven Halls.
 39510 | Orc:2    | Found Qiceex's Antique Armour Shop.
 39527 | Orc:2    | Bought fire dragon scales for 2100 gold pieces
 39539 | Orc:1    | Noticed Harold
 39539 | Orc:1    | Found Haryxt's General Store.
 39712 | Orc:2    | Reached skill level 20 in Shields
 39905 | Orc:2    | Found Neolug Ewur's Book Shop.
 40078 | Orc:2    | Found Iczeler's Antique Weapon Boutique.
 40230 | Orc:2    | Found Dyam's General Store.
 40238 | Orc:2    | Bought a condenser vane for 440 gold pieces
 40573 | Orc:2    | Found a shimmering blue altar of Sif Muna.
 40662 | Orc:2    | Got Sif Muna's Guide on Poisoning
 40745 | Orc:1    | Killed Harold
 41288 | Vaults:2 | Received a gift from Okawaru
 41337 | Vaults:2 | Found a staircase to the Crypt.
 41378 | Vaults:2 | Identified the +7 chain mail of Watchfulness {rF+ Str-4
                  | Dex+3} (Okawaru gifted it to you on level 2 of the Vaults)
 41378 | Vaults:2 | Received a gift from Okawaru
 41649 | Vaults:2 | You are cast into the Abyss!
 41649 | Vaults:2 | Cast into level 2 of the Abyss (a wizard)
 41821 | Abyss:3  | Reached skill level 17 in Fighting
 41869 | Abyss:3  | Noticed a Hell Sentinel
 41907 | Abyss:3  | Killed a Hell Sentinel
 41996 | Abyss:3  | HP: 11/169 [shard shrike simulacrum (34)]
 42000 | Abyss:3  | HP: 2/169 [starcursed mass/accursed screaming (8)]
 42007 | Abyss:3  | HP: 9/169 [starcursed mass/accursed screaming (8)]
 42009 | Abyss:3  | Slain by a shard shrike simulacrum

Vanquished Creatures
  Nikola (Spider:4)
  Arachne (Spider:4)
  A lich (Vaults:1)
  A Hell Sentinel (Abyss:3)
  Mlioglotl (Spider:3)
  2 tentacled starspawn
  A revenant (Vaults:2)
  3 ghost moths (Spider:4)
  5 emperor scorpions
  3 vault wardens
  An orc warlord (Orc:2)
  4 ironbound preservers (Vaults:1)
  5 very ugly things (Vaults:1)
  A reaper (IceCv)
  Nessos (D:14)
  5 dire elephants
  2 spark wasps (Spider:4)
  An ironbound thunderhulk (Vaults:1)
  A rakshasa (D:15)
  A great orb of eyes (Vaults:1)
  Erolcha (Orc:1)
  Harold (Orc:1)
  7 boulder beetles
  10 hydras
  A yaktaur captain (Vaults:1)
  A catoblepas (D:13)
  8 vault guards (D:14)
  2 death knights
  Erica (D:9)
  5 two-headed ogres
  An ironbound frostheart (Vaults:2)
  8 centaur warriors
  7 death yaks (Lair:5)
  A tengu warrior (D:11)
  A vampire mage (Vaults:2)
  4 orc high priests (Orc:2)
  3 thrashing horrors (Abyss:3)
  A sun demon (Lair:6)
  Sonja (Orc:1)
  Nergalle (D:11)
  6 skeletal warriors
  A deep elf knight (D:15)
  A deep elf archer (D:15)
  6 deep trolls (Vaults:1)
  2 phantasmal warriors (D:14)
  3 lindwurms
  A starcursed mass (Abyss:3)
  4 ironbound convokers (Vaults:1)
  17 orb spiders
  5 orc knights
  3 wizards
  40 wolf spiders
  A necromancer (D:15)
  20 ugly things
  4 orc sorcerers
  2 deep elf zephyrmancers (D:15)
  3 cyclopes
  3 deep elf pyromancers
  6 moths of wrath
  16 elephants
  A black mamba (Lair:6)
  An ice statue (IceCv)
  4 vault sentinels (Vaults:1)
  A black mamba (shapeshifter) (D:14)
  3 gargoyles
  3 orange demons (Lair:6)
  2 kobold demonologists (D:11)
  2 torpor snails
  3 centaur skeletons (D:15)
  An unseen horror (D:11)
  14 cane toads
  3 rime drakes (Lair:6)
  6 komodo dragons
  A hellwing (Lair:6)
  An anaconda simulacrum (IceCv)
  An entropy weaver simulacrum (IceCv)
  An alligator snapping turtle skeleton (Abyss:3)
  An ancient zyme (Abyss:2)
  13 yaktaurs
  2 efreet
  4 ice devils
  17 demonic crawlers
  A red devil (Lair:6)
  A freezing wraith (Vaults:2)
  35 jumping spiders
  9 trolls
  2 polar bears
  A tyrant leech (Lair:3)
  A hornet (shapeshifter) (D:15)
  8 hornets
  4 blink frogs (Lair:1)
  A raiju (D:15)
  A meliai zombie (D:15)
  8 slime creatures
  10 dream sheep
  32 tarantellas
  2 ynoxinuls (Abyss:2)
  46 redbacks
  A spriggan (shapeshifter) (D:13)
  A large abomination (Abyss:2)
  3 dire elephant simulacra (IceCv)
  A yak (shapeshifter) (D:15)
  7 basilisks
  2 wyverns
  A shadow (D:12)
  63 yaks
  5 wraiths
  A human (shapeshifter) (Abyss:3)
  2 small abominations (Abyss:3)
  A steam dragon (D:7)
  A neqoxec (Abyss:2)
  A death yak simulacrum (IceCv)
  A swamp worm (Lair:3)
  2 wargs (Orc:2)
  2 acid dragons
  14 water moccasins
  4 hell hounds (Lair:6)
  47 orc warriors
  5 black bears
  2 necrophages
  An ice beast (D:7)
  A hornet zombie (D:7)
  3 wolves (Lair:4)
  14 centaurs
  12 ogres
  7 bullfrogs
  4 kobold brigands
  A wyvern zombie (D:9)
  A gnoll sergeant (D:12)
  6 two-headed ogre simulacra (IceCv)
  A water moccasin zombie (D:5)
  3 scorpions
  3 cane toad simulacra (IceCv)
  2 elephant simulacra (IceCv)
  5 killer bees
  5 wights (D:9)
  2 electric eels
  7 howler monkeys
  2 jellies
  6 centaur zombies
  A hound (D:7)
  17 orc priests
  2 gnoll shamans
  4 iguanas
  17 orc wizards
  4 polar bear simulacra
  2 spriggan simulacra (IceCv)
  5 troll simulacra (IceCv)
  A wolf simulacrum (IceCv)
  A hound zombie (D:5)
  2 howler monkey zombies (D:9)
  8 gnolls
  5 naga simulacra (IceCv)
  8 adders
  9 white imps
  6 ufetubi (IceCv)
  2 worms (D:2)
  6 dart slugs
  76 orcs
  3 endoplasms
  4 giant cockroaches
  6 hobgoblins
  10 jackals
  23 kobolds
  4 quokkas
  8 ball pythons
  5 bats
  6 frilled lizards
  11 goblins
  7 rats
  3 starspawn tentacles (Abyss:2)
1016 creatures vanquished.

Vanquished Creatures (others)
  A cane toad (Lair:3)
  2 orcs
  26 fungi
  25 plants
  2 starspawn tentacles (Abyss:3)
56 creatures vanquished.

Grand Total: 1072 creatures vanquished

Table legend: (Time is in decaauts)
 A = Elapsed time spent in this place.
 B = Non-inter-level travel time spent in this place.
 C = Inter-level travel time spent in this place.
 D = Time resting spent in this place.
 E = Time spent auto-exploring this place.
 F = Levels seen in this place.
 G = Mean time per level.
                   A        B        C        D        E       F      G
               +--------+--------+--------+--------+--------+-----+--------+
         Total |  40826 |  38309 |   2517 |   8032 |  22795 |  34 | 1200.8 |
       Dungeon |  17960 |  16479 |   1481 |   2947 |  10763 |  15 | 1197.3 |
        Temple |     73 |     55 |     18 |      0 |     50 |   1 |   73.0 |
          Lair |   8563 |   8088 |    475 |   1598 |   5093 |   6 | 1427.2 |
   Spider Nest |   6954 |   6702 |    252 |   1680 |   3516 |   4 | 1738.5 |
  Orcish Mines |   1872 |   1721 |    151 |    218 |    979 |   2 |  936.0 |
        Vaults |   3230 |   3092 |    138 |    864 |   1634 |   2 | 1615.0 |
         Abyss |    324 |    324 |      0 |     53 |    117 |   2 |  162.0 |
        Bailey |    531 |    531 |      0 |    100 |    180 |   1 |  531.0 |
      Ice Cave |   1315 |   1315 |      0 |    568 |    462 |   1 | 1315.0 |
               +--------+--------+--------+--------+--------+-----+--------+

Top non-repeatable levels by time:
Vaults:1: 2766 daAuts
Spider:4: 2366 daAuts
  Lair:6: 2206 daAuts
    D:15: 2078 daAuts
Spider:1: 1719 daAuts
    D:12: 1687 daAuts
    D:11: 1655 daAuts
     D:7: 1569 daAuts
  Lair:3: 1544 daAuts
Spider:2: 1529 daAuts
  Lair:4: 1391 daAuts
    D:10: 1369 daAuts
Spider:3: 1339 daAuts
   Orc:2: 1328 daAuts
  Lair:1: 1328 daAuts

Table legend:
 A = Non-vault XP
 B = Vault XP
 C = Vault XP percentage of total XP
 D = Non-vault monster count
 E = Vault monster count
 F = Vault count percentage of total count
                 A         B        C        D         E       F
            +---------+---------+-------+---------+---------+-------
      Total |  204878 |   96586 |  32.0 |     720 |     294 |  29.0
            +---------+---------+-------+---------+---------+-------
        D:1 |      26 |      10 |  27.8 |      18 |       5 |  21.7
        D:2 |      61 |      15 |  19.7 |      22 |       2 |   8.3
        D:3 |     154 |       2 |   1.3 |      17 |       1 |   5.6
        D:4 |     239 |       0 |   0.0 |      19 |       0 |   0.0
        D:5 |    1116 |       0 |   0.0 |      17 |       0 |   0.0
        D:6 |      40 |       0 |   0.0 |       3 |       0 |   0.0
        D:7 |    1418 |     198 |  12.3 |      19 |       1 |   5.0
        D:8 |    1092 |    1180 |  51.9 |      19 |      11 |  36.7
        D:9 |    2527 |    2836 |  52.9 |      25 |      15 |  37.5
       D:10 |    2876 |       0 |   0.0 |      10 |       0 |   0.0
       D:11 |    6072 |     769 |  11.2 |      24 |       1 |   4.0
       D:12 |    8370 |     405 |   4.6 |      34 |       5 |  12.8
       D:13 |    6345 |     626 |   9.0 |      14 |       2 |  12.5
       D:14 |    8247 |    7958 |  49.1 |      13 |      13 |  50.0
       D:15 |    7864 |    8183 |  51.0 |      18 |      14 |  43.8
     Lair:1 |    5385 |       0 |   0.0 |      21 |       0 |   0.0
     Lair:2 |    6803 |       0 |   0.0 |      25 |       0 |   0.0
     Lair:3 |    5341 |     523 |   8.9 |      22 |       4 |  15.4
     Lair:4 |    6772 |    1017 |  13.1 |      18 |       3 |  14.3
     Lair:5 |   10865 |      47 |   0.4 |      27 |       3 |  10.0
     Lair:6 |    8146 |   11183 |  57.9 |      23 |      26 |  53.1
   Spider:1 |   17106 |    3644 |  17.6 |      44 |       9 |  17.0
   Spider:2 |   14789 |       0 |   0.0 |      40 |       0 |   0.0
   Spider:3 |   18216 |    1757 |   8.8 |      50 |       1 |   2.0
   Spider:4 |    9535 |   24245 |  71.8 |      27 |      42 |  60.9
      Orc:1 |    3629 |    2508 |  40.9 |      40 |       3 |   7.0
      Orc:2 |    5273 |    9091 |  63.3 |      41 |      29 |  41.4
   Vaults:1 |   32309 |    9497 |  22.7 |      46 |      12 |  20.7
   Vaults:2 |    4591 |    3215 |  41.2 |       8 |       4 |  33.3
    Abyss:2 |    2644 |       0 |   0.0 |       6 |       0 |   0.0
    Abyss:3 |    7027 |       0 |   0.0 |      10 |       0 |   0.0
     Bailey |       0 |    2281 | 100.0 |       0 |      39 | 100.0
      IceCv |       0 |    5396 | 100.0 |       0 |      49 | 100.0
            +---------+---------+-------+---------+---------+-------
